 Dungeon Crawl Stone Soup version 0.29.1-2-gbd0b4ee654 (webtiles) character file.

Game seed: 14187383713530414208

35833 ElPolloHermano the Executioner (level 13, -5/122 HPs)
             Began as a Minotaur Berserker on Nov 29, 2022.
             Was a High Priest of Trog.
             Slain by a hellwing (10 damage)
             ... on level 2 of the Orcish Mines on Nov 30, 2022.
             The game lasted 00:47:49 (20532 turns).

ElPolloHermano the Executioner (MiBe)              Turns: 20532, Time: 00:47:49

Health: -5/122     AC:  5    Str: 26    XL:     13   Next: 49%
Magic:  12/12      EV: 10    Int:  4    God:    Trog [*****.]
Gold:   1230       SH:  0    Dex: 24    Spells: 12/12 levels left

rFire   . . .      SeeInvis .   q - +2 battleaxe
rCold   . . .      Faith    .   (shield currently unavailable)
rNeg    . . .      Spirit   .   H - +0 plate armour
rPois   .          Reflect  .   (helmet restricted)
rElec   .          Harm     .   x - +1 cloak
rCorr   .          Rampage  .   B - +0 pair of gloves
Will    ++...                   M - +0 pair of boots of the Raven {Dex+7}
Stlth   ..........              (no amulet)
HPRegen 1.30/turn               g - ring of flight
MPRegen 0.13/turn               K - +6 ring of dexterity

@: weakened, strong-willed, corroded, flying, regenerating, invisible
A: horns 2, retaliatory headbutt
a: Renounce Religion, Berserk, Trog's Hand, Brothers in Arms


You were on level 2 of the Orcish Mines.
You worshipped Trog.
Trog was extremely pleased with you.
You visited 3 branches of the dungeon, and saw 15 of its levels.
You also visited: Sewer.

You collected 1230 gold pieces.

Inventory:

Hand Weapons
 b - a +3 war axe
 q - a +2 battleaxe (weapon)
 I - a +6 great mace
Armour
 x - a +1 cloak (worn)
 B - a +0 pair of gloves (worn)
 G - a +0 pair of boots
 H - a +0 plate armour (worn)
 M - the +0 pair of boots of the Raven (worn) {Dex+7}
   (You found it on level 11 of the Dungeon)

   Dex:       It affects your dexterity (+7).
Jewellery
 g - a ring of flight (left hand)
 y - a ring of ice
 K - a +6 ring of dexterity (right hand)
Wands
 f - a wand of roots (7)
 r - a wand of flame (39)
 D - a wand of light (15)
 E - a wand of charming (30)
Scrolls
 c - 3 scrolls of butterflies
 d - a scroll of blinking {unknown}
 e - 4 scrolls of teleportation
 h - 3 scrolls of brand weapon
 i - 3 scrolls of enchant weapon
 m - 3 scrolls of poison
 o - 3 scrolls of immolation
 p - 3 scrolls of magic mapping
 t - a scroll of acquirement {unknown}
 u - 3 scrolls of amnesia
 v - 2 scrolls of fear {unknown}
 F - 4 scrolls of enchant armour {unknown}
 J - a scroll of silence {unknown}
 L - a scroll of vulnerability {unknown}
Potions
 a - 4 potions of curing
 j - 2 potions of might
 l - 4 potions of lignification
 n - a potion of flight
 s - 3 potions of brilliance
 w - 4 potions of mutation
 z - a potion of haste
 A - a potion of invisibility
 C - a potion of attraction {unknown}
 N - a potion of berserk rage {unknown}


   Skills:
 + Level 13.0 Fighting
 * Level 21.2 Axes
 + Level 12.9 Armour
 + Level 4.1 Dodging
 + Level 1.9 Stealth


You had 12 spell levels left.
You didn't know any spells.
Your spell library was empty.

Dungeon Overview and Level Annotations

Branches:
Dungeon (11/15)            Temple (0/1) D:7            Lair (2/5) D:8
    Orc (2/2) D:11          Sewer (visited)
  Swamp: Lair:2-3    Shoals: Lair:2-3     Snake: Lair:2-3    Spider: Lair:2-3
    Elf: Orc:2

Altars:
Ashenzari
Cheibriados
Dithmenos
Elyvilon
Fedhas
Hepliaklqana
Makhleb
Okawaru
Trog
Uskayaw
Zin
The Shining One

Shops:
D:1 *   D:9 [[!   Orc:2 ?*


Innate Abilities, Weirdness & Mutations

You have a pair of horns on your head.
You reflexively headbutt those who attack you in melee.


Message History

The hellwing is lightly wounded.
You hit the hellwing.
You headbutt the hellwing, but do no damage.
The hellwing is lightly wounded.
The hellwing closely misses you. You furiously retaliate!
You headbutt the hellwing, but do no damage.
The hellwing hits you!
You slice the hellwing!!
The hellwing is severely wounded.
The hellwing hits you!
* * * LOW HITPOINT WARNING * * *
The hellwing hits you.
* * * LOW HITPOINT WARNING * * *
You closely miss the hellwing.
The hellwing is severely wounded.
You slash the hellwing!
The hellwing is almost dead.
The hellwing misses you. The hellwing completely misses you.
You closely miss the hellwing.
The hellwing is severely wounded.
The hellwing hits you.
* * * LOW HITPOINT WARNING * * *
The hellwing hits you but does no damage.
You hit the hellwing but do no damage.
The hellwing is severely wounded.
You closely miss the hellwing.
The hellwing is severely wounded.
The hellwing hits you.
* * * LOW HITPOINT WARNING * * *
The hellwing hits you.
* * * LOW HITPOINT WARNING * * *
You hit the hellwing but do no damage.
The hellwing is severely wounded.
The hellwing hits you!
* * * LOW HITPOINT WARNING * * *
The hellwing closely misses you.
Okay, then.
You fade into invisibility!
The hellwing hits you!
You die... .o...#....###..#####......... .o.o##...###..###.###........ ..o. ##.###..###...####.##.#. .Oo

####..###.#.#
####### ..
##[[###..)# #
##))###...##
##.[###..)##
##..)).)..##
##....#..@##
##...#...4##
##∩.#.....##
#.....#..##
##∩.#.....##
#
##...#....##
##
##....#...##
##.
##..)[....#
##..
##.[###...#
##...


You could see a hellwing (unable to see you).

Vanquished Creatures
  Josephine (Orc:1)
  A centaur warrior (D:8)
  3 two-headed ogres
  An orc high priest (Orc:1)
  2 skeletal warriors (D:8)
  Pikel (D:9)
  A deep elf pyromancer (D:10)
  An orc knight (Orc:2)
  3 orc sorcerers (Orc:2)
  A cyclops (D:11)
  A black mamba (Lair:1)
  A rust devil (Orc:2)
  A gargoyle (D:11)
  2 orange demons (Orc:2)
  A cane toad (Lair:1)
  2 unseen horrors (D:10)
  Psyche (D:9)
  A kobold demonologist (D:11)
  2 komodo dragons (D:10)
  2 rime drakes (Lair:1)
  An efreet (D:7)
  A freezing wraith (D:10)
  A yaktaur (D:8)
  A polar bear (Lair:1)
  10 trolls
  A hornet (D:10)
  7 blink frogs (Lair:1)
  2 shadows
  3 wyverns
  8 wraiths
  A vampire (D:10)
  2 basilisks
  24 yaks
  2 steam dragons
  A warg (Orc:1)
  An acid dragon (D:10)
  8 water moccasins
  3 black bears
  An ice beast (D:8)
  29 orc warriors
  3 wolves (D:10)
  6 ogres
  12 centaurs
  2 phantoms (D:6)
  2 lemures (D:9)
  10 kobold brigands
  A wyvern zombie (D:7)
  5 bullfrogs
  2 necrophages
  2 gnoll sergeants (D:8)
  3 scorpions (D:6)
  8 wights
  A howler monkey (D:6)
  19 killer bees
  5 electric eels (D:6)
  A bullfrog zombie (D:7)
  19 orc priests
  2 centaur zombies (D:7)
  2 gnoll boudas
  A hound (D:6)
  A jelly (D:5)
  An iron imp (D:8)
  Jessica (D:2)
  Terence (D:2)
  4 iguanas
  15 orc wizards
  A killer bee zombie (D:7)
  A howler monkey zombie (D:7)
  6 gnolls
  13 adders
  2 river rats (Sewer)
  3 shadow imps
  2 white imps (D:7)
  3 ufetubi
  6 worms
  3 dart slugs
  59 orcs
  13 endoplasms
  9 giant cockroaches
  6 goblins
  9 hobgoblins
  5 jackals
  25 kobolds
  5 quokkas
  10 ball pythons
  3 bats
  9 frilled lizards
  9 rats
  A spectral hobgoblin (D:1)
468 creatures vanquished.

Vanquished Creatures (collateral kills)
  A hydra (Lair:1)
  Urug (D:10)
  An ice statue (D:10)
  A gargoyle (D:10)
  Grum (D:10)
5 creatures vanquished.

Vanquished Creatures (others)
  A jelly (D:8)
  An orc wizard (Orc:2)
  2 fungi (Lair:1)
  41 plants
  5 withered plants (D:7)
50 creatures vanquished.

Grand Total: 523 creatures vanquished

Notes
Turn   | Place    | Note
-------+----------+-------------------------------------------
     0 | D:1      | ElPolloHermano the Minotaur Berserker began the quest for
                  | the Orb.
     0 | D:1      | Reached XP level 1. HP: 19/19 MP: 0/0
   213 | D:1      | Reached skill level 4 in Axes
   213 | D:1      | Reached XP level 2. HP: 27/27 MP: 1/1
   216 | D:1      | Found Peos's General Store.
   322 | D:1      | Found a faded altar of an unknown god.
   741 | D:2      | Reached XP level 3. HP: 33/33 MP: 2/2
   746 | D:2      | Reached ** piety under Trog
  1052 | D:2      | Noticed Terence
  1059 | D:2      | Killed Terence
  1060 | D:2      | Reached XP level 4. HP: 33/41 MP: 3/3
  1218 | D:2      | Noticed Jessica
  1226 | D:2      | Killed Jessica
  1227 | D:2      | Reached skill level 5 in Axes
  1451 | D:3      | Noticed a necrophage
  1460 | D:3      | Killed a necrophage
  1461 | D:3      | Reached XP level 5. HP: 40/47 MP: 4/4
  1472 | D:3      | Reached skill level 5 in Fighting
  1479 | D:3      | Reached skill level 6 in Axes
  1703 | D:3      | Noticed an ogre
  1712 | D:3      | HP: 2/48 [ogre/+0 giant spiked club (5)]
  1714 | D:3      | Killed an ogre
  1715 | D:3      | Reached XP level 6. HP: 2/57 MP: 5/5
  1936 | D:3      | Found a glowing drain.
  1945 | Sewer    | Entered a sewer
  2090 | Sewer    | Reached *** piety under Trog
  2409 | Sewer    | Reached skill level 7 in Axes
  2409 | Sewer    | Reached XP level 7. HP: 59/63 MP: 6/6
  3494 | D:4      | Reached **** piety under Trog
  3772 | D:4      | Noticed a shadow
  3773 | D:4      | Found a shadowy altar of Dithmenos.
  3774 | D:4      | Found a hazy altar of Hepliaklqana.
  4321 | D:5      | Entered Level 5 of the Dungeon
  4321 | D:5      | Found a hide-covered altar of Uskayaw.
  4566 | D:5      | Reached skill level 8 in Axes
  4774 | D:5      | Reached skill level 5 in Armour
  4774 | D:5      | Reached XP level 8. HP: 48/72 MP: 7/7
  5447 | D:5      | Reached skill level 9 in Axes
  5655 | D:6      | HP: 1/73 [electric eel/bolt of electricity (10)]
  5671 | D:6      | Reached skill level 16 in Axes
  5671 | D:6      | Reached XP level 9. HP: 17/79 MP: 8/8
  6255 | D:6      | Reached skill level 1 in Stealth
  7118 | D:6      | Found a glowing silver altar of Zin.
  7118 | D:6      | Found a white marble altar of Elyvilon.
  7121 | D:6      | Found a glowing golden altar of the Shining One.
  7394 | D:6      | Found an iron altar of Okawaru.
  7689 | D:7      | Found a staircase to the Ecumenical Temple.
  7810 | D:7      | Reached XP level 10. HP: 60/88 MP: 9/9
  8037 | D:7      | Found a bloodstained altar of Trog.
  8100 | D:7      | Found a blossoming altar of Fedhas.
  8651 | D:8      | Found a staircase to the Lair.
  8656 | Lair:1   | Entered Level 1 of the Lair of Beasts
  8797 | Lair:1   | Noticed a cane toad
  8809 | Lair:1   | Reached skill level 17 in Axes
  8810 | Lair:1   | Killed a cane toad
  9160 | Lair:1   | Noticed a black mamba
  9170 | Lair:1   | Killed a black mamba
  9472 | Lair:1   | Reached ***** piety under Trog
  9473 | Lair:1   | Reached XP level 11. HP: 41/97 MP: 10/10
 10191 | Lair:1   | Noticed an eight-headed hydra
 10204 | Lair:1   | Killed a ten-headed hydra
 10406 | Lair:1   | Reached skill level 10 in Fighting
 10856 | D:8      | Reached skill level 18 in Axes
 11030 | D:8      | Found a broken altar of Ashenzari.
 11215 | D:8      | Found a burning altar of Makhleb.
 11473 | D:8      | Noticed a two-headed ogre
 11480 | D:8      | Noticed a skeletal warrior
 11841 | D:7      | Reached skill level 10 in Armour
 11844 | D:7      | Killed a two-headed ogre
 12190 | D:8      | Killed a skeletal warrior
 12648 | D:8      | Noticed a centaur warrior
 12655 | D:8      | Killed a centaur warrior
 12667 | D:8      | Noticed a skeletal warrior
 12686 | D:8      | HP: 1/101 [skeletal warrior/+0 halberd (12)]
 12687 | D:8      | Killed a skeletal warrior
 12688 | D:8      | Reached XP level 12. HP: 2/108 MP: 11/11
 13756 | D:9      | Found Surhatyg's Armour Shoppe.
 13760 | D:9      | Noticed Pikel
 13768 | D:9      | Killed Pikel
 13768 | D:9      | Received a gift from Trog
 14146 | D:9      | Found Utalablehao's Distillery.
 14351 | D:9      | Found Nes Tat's Armour Shoppe.
 14560 | D:9      | Noticed Psyche
 14568 | D:9      | Killed Psyche
 14753 | D:10     | Entered Level 10 of the Dungeon
 14786 | D:10     | Noticed Grum
 14786 | D:10     | Noticed Urug
 14789 | D:10     | Reached skill level 19 in Axes
 14809 | D:10     | Killed Urug
 14811 | D:10     | Killed Grum
 16081 | D:10     | Found a snail-covered altar of Cheibriados.
 16214 | D:10     | Reached skill level 20 in Axes
 16854 | D:11     | Found a staircase to the Orcish Mines.
 16869 | Orc:1    | Entered Level 1 of the Orcish Mines
 16888 | Orc:1    | Noticed a two-headed ogre
 17142 | D:11     | Identified the +0 pair of boots of the Raven {Dex+7}
 17329 | D:11     | Noticed a two-headed ogre
 17334 | D:11     | Killed a two-headed ogre
 17371 | D:11     | Reached XP level 13. HP: 105/117 MP: 12/12
 17852 | Orc:1    | Noticed Josephine
 17866 | Orc:1    | Killed Josephine
 18436 | Orc:2    | Entered Level 2 of the Orcish Mines
 18444 | Orc:2    | Paralysed by an orc sorcerer for 4 turns
 18954 | Orc:2    | Found Lacugin's Magic Scroll Shop.
 18958 | Orc:2    | Found Jedgh's General Store.
 18977 | Orc:2    | Reached skill level 21 in Axes
 20481 | Orc:2    | Received a gift from Trog
 20531 | Orc:2    | HP: 4/122 [hellwing (13)]
 20532 | Orc:2    | Slain by a hellwing

Illustrated notes

Levels and vault maps discovered:
D:1:      zelgadis_glass_arrival_small, layout_rooms,
          dreamdust_ecumenical_altar_drowned_temple, serial_shops, shop
D:2:      layout_rooms, uniq_terence, uniq_jessica
D:3:      layout_basic, cheibrodos_sewer_entry_bend,
          chequers_serial_rivers_small_3, minmay_misc_feat_x,
          minmay_quadrilaterals
D:4:      layout_gridville, riverfiend_overflow_shadow_ancestor
D:5:      layout_basic, mainiacjoe_overflow_concentric_impassable
D:6:      layout_loops_corners, okawaru_trees_2, good_gods_temple_1,
          serial_bayou, serial_bayou_shore_a, serial_bayou_lake_a,
          serial_bayou_pond_c, serial_bayou_shore_b,
          ebering_dispersal_statue_hall
D:7:      layout_loops_ring, mainiacjoe_overflow_24_doors, fedhas_altar_1,
          minmay_temple_entry_large_hall, serial_undead, serial_undead_f,
          serial_undead_f, serial_undead_e, serial_undead_b
D:8:      nzn_winding_woodlands_stair_cross [nzn_winding_woodlands_5x15_zeroes,
          nzn_winding_woodlands_center_lodge,
          nzn_winding_woodlands_5x15_sidewinder,
          nzn_winding_woodlands_5x5_perimeter,
          nzn_winding_woodlands_5x5_default, nzn_winding_woodlands_5x15_default,
          nzn_winding_woodlands_center_pierced_h,
          nzn_winding_woodlands_5x15_pathside_ponds], layout_cave_pods,
          makhleb_grotto_becter, lemuel_crystal_altar, lair_entry_dummy,
          kennysheep_generic_room_13
D:9:      layout_basic, serial_shops, nicolae_shop_stone,
          nicolae_shop_waterfront, nicolae_shop_crystal, grunt_decor_one_mirror,
          uniq_pikel, uniq_psyche
D:10:     layout_irregular_city, slow_altar_1, nzn_random_ring, uniq_urug,
          uniq_grum
D:11:     layout_cave_pools, orc_0_dummy
Lair:1:   layout_regular_city, infiniplex_staircase_pool, grunt_megastairs_3
Lair:2:   layout_regular_city, minmay_shoals_entry_centaurs,
          minmay_snake_entry_six_corridors
Orc:1:    layout_caves, enter_volcano_4, uniq_josephine
Orc:2:    pf_orc_diabolical, layout_caves

Skill      XL: |  1  2  3  4  5  6  7  8  9 10 11 12 13 |
---------------+----------------------------------------+-----
Axes           | 4 5 6 7 8 16 17 18 20 21 | 21.2
Fighting       | 4 5 6 7 9 10 11 13 | 13.0
Dodging        | 3 4 |  4.1
Armour         | 3 5 6 8 10 12 | 12.9
Stealth        | 1 |  1.9

Action                   |  1- 3 |  4- 6 |  7- 9 | 10-12 | 13-15 || total
-------------------------+-------+-------+-------+-------+-------++-------
Melee: Hand axe          |    68 |   148 |    56 |       |       ||   272
       Headbutt          |    12 |    27 |    46 |   113 |    47 ||   245
       Punch             |       |     1 |     2 |     5 |       ||     8
       War axe           |       |       |   176 |   319 |       ||   495
       Battleaxe         |       |       |       |   245 |   209 ||   454
Invok: Berserk           |       |       |       |     2 |     1 ||     3
       Brothers in Arms  |       |       |       |     2 |       ||     2
       Trog's Hand       |       |       |       |       |     1 ||     1
  Use: Scroll            |       |       |     6 |    14 |       ||    20
       Potion            |       |       |     5 |     2 |     3 ||    10
 Stab: Distracted        |       |       |       |     1 |       ||     1
Armor: Animal skin       |    10 |       |       |       |       ||    10
       Ring mail         |    15 |       |       |       |       ||    15
       Chain mail        |       |    82 |    29 |       |       ||   111
       Plate armour      |       |       |    70 |   404 |    96 ||   570
Dodge: Dodged            |    47 |    62 |    86 |   246 |    93 ||   534
